Map: Misty Swamp

Players

Diesel

  • Race: Zerg Zerg
  • Spawn Location: 12:00

CobraKing

  • Race: Terran Terran
  • Spawn Location: 9:00

ZergSoupYum

  • Race: Protoss Protoss
  • Spawn Location: 9:00

ASU - Winner!

  • Race: Terran Terran
  • Spawn Location: 3:00

marcus - Winner!

  • Race: Protoss Protoss
  • Spawn Location: 3:00

Metasapien - Winner!

  • Race: Zerg Zerg
  • League: Platinum
  • Spawn Location: 12:00

VOD

Have the link to the VOD?

Description

Time

  • Played on: Sept. 24, 2017, 1:02 p.m.
  • Length: 18:03
Show
View Real Time Build Order
Export as new Build Order

Diesel Zerg 

Build Orders: Pool First 

Get SALT Encoding   

  12  0:03  Drone  
  13  0:18  Drone  
  13  0:20  Overlord  
  14  0:37  Spawning Pool  
  14  0:39  Drone  
  14  0:50  Drone x2  
  14  0:54  Extractor  
  15  1:01  Drone  
  15  1:02  Drone  
  17  1:27  Zergling x2  
  17  1:30  Hatchery  
  17  1:33  Zergling x2  
  18  1:40  Queen  
  20  1:50  Zergling x4  
  22  2:22  Overlord x2  
  22  2:42  Zergling x4  
  24  3:01  Zergling x4  
  26  3:12  Zergling x4  
  28  3:19  Zergling x8  
  32  3:30  Zergling x4  
  34  3:36  Metabolic Boost  
  34  3:38  Drone x2  
  36  3:45  Queen  
  38  3:51  Drone x2  
  38  3:53  Queen  
  42  4:06  Drone x2  
  44  4:20  Overlord  
  44  4:21  Overlord x2  
  44  4:31  Overlord x2  
  44  4:51  Roach Warren, Lair  
  44  4:52  Extractor  
  42  4:56  Drone x6  
  48  5:01  Pneumatized Carapace  
  48  5:06  Spore Crawler  
  47  5:15  Zergling x8  
  47  5:16  Zergling x2  
  53  5:28  Zergling x6  
  53  5:29  Zergling x4  
  57  5:47  Drone x2  
  59  5:53  Zergling x4  
  61  6:07  Overlord x2  
  60  6:11  Hatchery  
  60  6:18  Roach x4  
  66  6:34  Hydralisk Den  
  65  6:54  Glial Reconstitution  
  65  6:56  Drone x3  
  65  6:57  Drone x4  
  70  7:12  Evolution Chamber  
  51  7:16  Evolution Chamber  
  33  7:23  Zergling x12  
  27  7:36  Hydralisk  
  27  7:37  Hydralisk  
  31  7:45  Queen  
  31  7:49  Drone  
  28  8:13  Hydralisk x3  
  34  8:38  Drone x6  
  40  8:49  Drone  
  40  8:52  Drone  
  42  9:17  Drone  
  42  9:18  Drone  
  42  9:21  Hatchery  
  43  9:30  Drone x3  
  43  9:31  Drone x2  
  48  9:48  Drone x3  
  48  9:49  Drone x4  
  55  9:55  Extractor  
  55  9:56  Extractor  
  53  10:04  Roach x2  
  53  10:05  Roach x2  
  61  10:08  Zergling x2  
  62  10:54  Zergling x2  
  62  10:55  Zergling x2  
  64  10:57  Zergling x10  
  64  10:58  Zergling x6  
Show
View Real Time Build Order
Export as new Build Order

CobraKing Terran 

Build Orders: MMM Bio 

Get SALT Encoding   

  12  0:02  SCV  
  13  0:14  SCV  
  14  0:23  Supply Depot  
  14  0:26  SCV  
  15  0:44  Refinery  
  15  0:45  SCV  
  15  0:48  Barracks  
  16  0:57  SCV  
  17  1:04  Barracks  
  17  1:10  SCV  
  18  1:22  SCV  
  19  1:32  Refinery  
  19  1:34  SCV  
  20  1:43  Barracks Reactor, Supply Depot  
  20  1:46  SCV  
  21  1:55  Barracks Tech Lab  
  21  2:00  Orbital Command  
  21  2:12  Factory  
  21  2:16  Marine  
  22  2:27  Engineering Bay  
  22  2:28  SCV  
  23  2:30  Marine  
  24  2:42  Marine  
  25  2:45  SCV  
  26  3:00  Factory Tech Lab  
  26  3:02  SCV  
  26  3:05  Starport  
  27  3:19  Stimpack  
  27  3:31  Command Center  
  27  3:36  Missile Turret  
  27  3:43  Starport Reactor  
  27  3:45  Marauder, Marine  
  27  3:46  Marine  
  31  3:54  Supply Depot  
  31  4:03  Supply Depot  
  31  4:15  SCV  
  32  4:22  Medivac x2  
  36  4:24  Marine  
  37  4:36  Marauder  
  39  4:46  Refinery  
  39  4:52  Missile Turret  
  39  4:59  Orbital Command  
  39  5:12  Marauder  
  39  5:13  Missile Turret  
  39  5:14  Marine x2  
  41  5:20  Medivac  
  45  5:22  SCV  
  46  5:29  SCV  
  46  5:34  SCV  
  48  5:41  SCV  
  49  5:43  Barracks  
  49  5:49  Terran Infantry Weapons Level 1  
  49  5:51  Barracks  
  49  5:53  Armory  
  49  5:54  Marauder, Marine x2  
  53  6:00  SCV  
  55  6:04  SCV  
  55  6:12  SCV, Marine x2  
  55  6:15  Factory  
  55  6:16  SCV  
  59  6:19  Concussive Shells  
  59  6:24  SCV  
  60  6:28  SCV  
  61  6:38  Refinery  
  61  6:40  SCV  
  62  6:55  Barracks Reactor  
  62  7:02  Barracks Tech Lab  
  62  7:37  Marine x3  
  62  7:38  Siege Tank, Marauder  
  62  7:40  Supply Depot  
  70  8:00  Orbital Command  
  70  8:01  Medivac, Marauder x2  
  76  8:23  Marauder  
  78  8:45  Terran Infantry Armor Level 1  
  78  8:50  Armory  
  78  8:52  Command Center  
  78  8:59  Factory Tech Lab  
  78  9:03  Siege Tank, Marauder, SCV x2  
  78  9:05  Supply Depot  
  78  9:07  Missile Turret  
  85  9:11  Missile Turret  
  85  9:15  SCV  
  86  9:26  Marine x4  
  86  9:27  SCV x2  
  86  9:29  Supply Depot  
  92  9:39  SCV, Supply Depot  
  92  9:41  Medivac x2  
  97  9:48  Combat Shields  
  97  9:58  Siege Tank x2  
  103  10:02  Supply Depot x2  
  103  10:04  Supply Depot  
  103  10:11  Supply Depot  
  103  10:16  Missile Turret  
  103  10:26  Supply Depot  
  103  10:30  Supply Depot  
  103  10:38  Missile Turret, Marauder, Terran Infantry Weapons Level 2  
  103  10:40  Marauder, Marine  
  108  10:59  Marauder  
  108  11:02  Marauder  
  112  11:11  Medivac, Marine x2  
  113  11:12  Medivac  
  113  11:13  Siege Tank x2  
  124  11:19  Orbital Command  
  124  11:20  Marauder  
  124  11:22  Refinery  
  124  11:23  Refinery, Marauder  
  55  12:01  Marauder x2, Marine x2  
  60  12:03  Siege Tank x2  
  65  12:16  Marine  
  65  12:17  Marine  
  65  12:18  Marine  
  65  12:19  Marine  
  65  12:20  Medivac x2  
  65  12:22  Marauder x2  
  77  12:34  Marine x2  
  77  12:35  Siege Tank x2  
  77  12:36  Marine  
  77  12:37  Marine  
  80  12:44  Marauder x2  
  85  12:52  Marine x2  
  85  12:54  Marine x2  
  89  13:04  Marine  
  89  13:05  Marine  
  91  13:07  Siege Tank x2  
  91  13:10  Marine x2  
  99  13:22  Marine x2  
  101  13:34  Marine x4  
  101  13:41  Marauder x2  
  109  13:48  SCV  
  110  13:52  Marine x4  
  114  14:00  Thor x2, SCV  
  114  14:02  Marauder x2  
  131  14:09  Marine  
  131  14:10  Marine x3  
  133  14:24  Marauder  
  137  14:28  Marine x2  
Show
View Real Time Build Order
Export as new Build Order

ZergSoupYum Protoss 

Build Orders: Cannon Rush 

Get SALT Encoding   

  12  0:03  Probe (Chrono Boost)  
  13  0:18  Pylon  
  13  0:24  Probe (Chrono Boost)  
  14  0:34  Probe (Chrono Boost)  
  15  0:39  Forge  
  15  0:46  Pylon  
  16  0:50  Probe (Chrono Boost)  
  16  1:00  Probe (Chrono Boost)  
  17  1:11  Probe (Chrono Boost)  
  18  1:14  Photon Cannon  
  18  1:20  Photon Cannon  
  18  1:31  Photon Cannon  
  18  1:39  Probe (Chrono Boost)  
  19  1:49  Pylon  
  19  1:51  Assimilator  
  19  1:55  Assimilator  
  19  2:10  Photon Cannon  
  19  2:11  Photon Cannon  
  19  2:18  Photon Cannon  
  19  3:22  Nexus  
  19  3:31  Probe (Chrono Boost)  
  21  3:41  Probe (Chrono Boost)  
  21  3:52  Probe (Chrono Boost)  
  22  4:02  Probe (Chrono Boost)  
  23  4:07  Pylon  
  23  4:13  Probe (Chrono Boost)  
  23  4:14  Pylon  
  24  4:23  Probe (Chrono Boost)  
  25  4:31  Assimilator  
  25  4:34  Probe (Chrono Boost), Assimilator  
  25  4:36  Probe (Chrono Boost)  
  27  4:41  Nexus  
  27  4:44  Probe (Chrono Boost)  
  28  4:46  Probe (Chrono Boost)  
  29  4:54  Pylon  
  29  4:57  Probe x2 (Chrono Boost)  
  31  5:07  Probe (Chrono Boost)  
  31  5:13  Probe (Chrono Boost)  
  33  5:14  Photon Cannon  
  33  5:18  Probe (Chrono Boost)  
  34  5:39  Photon Cannon  
  34  5:40  Photon Cannon  
  34  5:51  Probe x2 (Chrono Boost)  
  34  5:53  Probe (Chrono Boost)  
  37  6:02  Probe x2 (Chrono Boost), Pylon  
  37  6:04  Probe (Chrono Boost)  
  40  6:06  Gateway  
  40  6:11  Pylon  
  40  6:12  Probe x2 (Chrono Boost)  
  40  6:14  Probe (Chrono Boost)  
  43  6:23  Probe x2 (Chrono Boost)  
  43  6:25  Probe (Chrono Boost)  
  46  6:33  Probe x2 (Chrono Boost)  
  46  6:35  Probe (Chrono Boost)  
  46  6:36  Photon Cannon  
  46  6:37  Photon Cannon  
  49  6:42  Assimilator  
  49  6:44  Probe x2 (Chrono Boost)  
  49  6:46  Probe (Chrono Boost), Assimilator  
  52  7:06  Cybernetics Core  
  52  7:09  Cybernetics Core  
  52  7:14  Photon Cannon  
  52  7:17  Photon Cannon  
  52  7:31  Pylon  
  52  7:40  Pylon x2  
  52  7:42  Pylon  
  52  7:56  Stargate x2  
  52  7:59  Stargate  
  52  8:00  Stargate  
  52  8:06  Stargate x2  
  52  8:08  Stargate  
  52  8:10  Stargate  
  52  8:15  Photon Cannon  
  52  8:16  Photon Cannon  
  52  8:32  Protoss Air Weapons Level 1, Protoss Air Armor Level 1  
  52  8:39  Nexus  
  52  8:47  Fleet Beacon  
  52  8:57  Pylon  
  52  8:58  Pylon  
  52  8:59  Pylon  
  52  9:00  Pylon x2  
  52  9:02  Pylon  
  52  9:03  Pylon x2  
  52  9:04  Pylon  
  52  9:06  Pylon  
  52  9:22  Nexus  
  52  9:24  Probe x2 (Chrono Boost)  
  53  9:26  Probe (Chrono Boost)  
  55  9:34  Probe (Chrono Boost)  
  55  9:35  Probe (Chrono Boost), Pylon  
  55  9:36  Probe (Chrono Boost)  
  58  9:38  Pylon  
  58  9:41  Graviton Catapult (Chrono Boost)  
  58  9:43  Probe (Chrono Boost), Pylon  
  58  9:45  Probe  
  71  9:46  Carrier x2 (Chrono Boost), Probe  
  71  9:52  Carrier (Chrono Boost)  
  97  9:53  Carrier (Chrono Boost), Probe  
  97  9:54  Carrier (Chrono Boost)  
  97  9:56  Probe  
  97  9:58  Probe  
  97  9:59  Carrier (Chrono Boost)  
  106  10:04  Carrier (Chrono Boost)  
  106  10:06  Probe  
  113  10:08  Probe  
  113  10:10  Probe  
  113  10:14  Carrier (Chrono Boost)  
  115  10:33  Photon Cannon  
  115  10:35  Photon Cannon  
  115  10:37  Photon Cannon  
  115  10:39  Photon Cannon  
  115  10:40  Photon Cannon  
  115  10:41  Photon Cannon  
  115  10:43  Photon Cannon  
  115  10:44  Photon Cannon  
  115  11:01  Assimilator  
  115  11:03  Probe  
  127  11:05  Carrier x2 (Chrono Boost), Assimilator  
  127  11:09  Assimilator  
  127  11:10  Carrier (Chrono Boost)  
  140  11:12  Probe  
  140  11:13  Assimilator  
  140  11:14  Probe  
  142  11:22  Carrier (Chrono Boost), Probe  
  142  11:25  Probe  
  144  11:33  Probe  
  144  11:35  Probe  
  144  11:39  Protoss Air Weapons Level 2  
  158  11:43  Probe  
  158  11:46  Carrier x2 (Chrono Boost), Probe  
  160  11:54  Probe  
  167  12:15  Mothership Core  
  169  12:16  Carrier (Chrono Boost)  
  169  12:33  Carrier (Chrono Boost)  
  169  12:34  Carrier x2 (Chrono Boost)  
  199  13:02  Carrier (Chrono Boost)  
  199  13:03  Carrier (Chrono Boost)  
  139  13:30  Carrier (Chrono Boost)  
  139  13:31  Carrier (Chrono Boost)  
  145  13:41  Carrier (Chrono Boost)  
  145  13:48  Carrier (Chrono Boost)  
  151  13:58  Protoss Air Weapons Level 3  
  151  13:59  Protoss Air Armor Level 2  
  157  14:07  Carrier (Chrono Boost)  
  157  14:49  Carrier (Chrono Boost)  
  175  14:59  Carrier x2 (Chrono Boost)  
  175  15:00  Carrier (Chrono Boost)  
  163  15:10  Carrier (Chrono Boost)  
  163  15:15  Carrier (Chrono Boost)  
  163  15:55  Carrier (Chrono Boost)  
  169  16:03  Carrier (Chrono Boost)  
  163  16:07  Carrier (Chrono Boost)  
  169  16:30  Carrier (Chrono Boost)  
  169  16:32  Carrier x3 (Chrono Boost)  
  175  16:35  Carrier (Chrono Boost)  
Show
View Real Time Build Order
Export as new Build Order

ASU Terran - Winner!

Build Orders: Bio Mine 

Get SALT Encoding   

  12  0:03  SCV  
  13  0:16  Supply Depot  
  13  0:19  SCV  
  14  0:31  Refinery, SCV  
  15  0:45  Barracks  
  15  0:50  SCV  
  16  1:02  Supply Depot  
  16  1:04  SCV  
  17  1:16  Refinery, SCV  
  18  1:28  SCV  
  19  1:37  Factory  
  19  1:44  Orbital Command  
  19  1:53  Barracks Tech Lab  
  19  2:02  Barracks  
  19  2:10  SCV  
  19  2:15  Stimpack  
  20  2:30  Marine  
  20  2:31  Factory Reactor  
  21  2:41  SCV  
  22  2:51  Marine  
  22  2:53  SCV  
  22  2:54  Marine  
  25  3:16  Marine x2  
  27  3:32  Hellion x2  
  31  3:40  Starport  
  31  3:48  Supply Depot  
  31  3:50  Supply Depot  
  31  4:10  Marine  
  31  4:12  Marine x2  
  31  4:15  Combat Shields  
  34  4:19  Supply Depot  
  34  4:21  Supply Depot  
  34  4:28  Marine  
  34  4:29  Marine x2  
  37  4:45  Marine  
  37  4:47  Marine x2  
  37  4:49  Supply Depot  
  40  4:58  Hellion  
  42  5:02  Supply Depot  
  42  5:04  SCV  
  43  5:09  Marine  
  44  5:15  Medivac x2  
  44  5:19  Hellion  
  50  5:31  Marine x2  
  52  5:38  Supply Depot  
  52  5:41  Hellion, Supply Depot  
  54  5:44  SCV  
  54  5:45  Medivac x2  
  54  5:48  Marine  
  60  5:58  Marine  
  60  6:02  Hellion  
  63  6:06  Marine  
  64  6:23  Hellion  
  64  6:24  Armory  
  66  6:28  Engineering Bay  
  66  6:45  Hellion  
  68  6:50  Command Center  
  68  7:06  Hellion  
  69  7:28  Hellion  
  69  7:49  Hellion  
  48  8:39  Factory  
  48  8:40  Barracks Reactor  
  48  8:50  Factory  
  48  8:59  Factory  
  48  9:00  Factory, Terran Vehicle And Ship Armor Level 1  
  48  9:02  Armory  
  48  9:03  SCV  
  48  9:04  Marine  
  48  9:07  Medivac x2  
  54  9:15  SCV  
  55  9:22  Marine  
  56  9:24  Marine x2  
  56  9:27  SCV  
  59  9:35  Factory Tech Lab  
  59  9:36  Factory Reactor x2  
  59  9:37  Medivac x2  
  63  9:40  Marine  
  63  9:42  Marine x2  
  66  9:56  Factory Reactor  
  66  9:57  Factory Reactor  
  66  9:58  Marine  
  67  10:00  Marine x2  
  67  10:05  Orbital Command  
  69  10:07  Medivac  
  71  10:16  Marine  
  71  10:17  Marine x2  
  74  10:33  SCV, Marine  
  74  10:35  Marine x2  
  76  10:41  Drilling Claws  
  78  10:45  SCV  
  69  10:57  SCV  
  69  11:03  Command Center  
  58  11:09  SCV  
  58  11:10  Widow Mine x5  
  69  11:19  Refinery  
  65  11:38  Widow Mine  
  42  12:06  Widow Mine x2  
  42  12:07  Widow Mine x2  
  50  12:09  Widow Mine x4  
  58  12:19  Refinery  
  58  12:36  Widow Mine  
  58  12:37  Widow Mine x5  
  58  12:38  Widow Mine  
  72  13:05  Widow Mine  
  58  13:31  Widow Mine x3  
  58  13:32  Widow Mine x3  
  70  13:35  Terran Vehicle And Ship Armor Level 2  
  70  13:37  Terran Vehicle Weapons Level 1  
  70  13:39  Orbital Command  
  70  13:43  Command Center  
  70  13:55  Widow Mine x3  
  74  14:00  Widow Mine x3  
  74  14:01  Widow Mine x2  
  80  14:20  Supply Depot  
  80  14:21  Supply Depot  
  80  14:22  Supply Depot  
  80  14:24  Supply Depot  
  64  15:20  Widow Mine x5  
  64  15:21  Widow Mine  
  74  15:22  Widow Mine x3  
  82  15:41  Factory  
  82  15:45  Orbital Command  
  82  15:48  Widow Mine x2  
  82  15:49  Widow Mine x3  
  70  15:51  Widow Mine x3  
  77  16:17  Widow Mine x2  
  79  16:28  Supply Depot x2  
  79  16:29  Supply Depot  
  79  17:02  Orbital Command  
  71  17:40  SCV  
Show
View Real Time Build Order
Export as new Build Order

marcus Protoss - Winner!

Build Orders:  

Get SALT Encoding   

  12  0:03  Probe (Chrono Boost)  
  13  0:14  Probe (Chrono Boost)  
  14  0:22  Pylon  
  14  0:32  Probe (Chrono Boost)  
  15  0:43  Probe (Chrono Boost)  
  16  0:53  Probe (Chrono Boost)  
  17  1:06  Probe (Chrono Boost)  
  17  1:10  Nexus  
  18  1:17  Gateway  
  18  1:19  Probe (Chrono Boost)  
  19  1:25  Assimilator  
  19  1:30  Probe (Chrono Boost)  
  20  1:34  Assimilator  
  20  1:40  Probe (Chrono Boost)  
  21  1:47  Forge  
  21  1:53  Pylon  
  21  1:56  Probe (Chrono Boost)  
  22  2:13  Cybernetics Core  
  22  2:18  Probe (Chrono Boost)  
  22  2:22  Probe (Chrono Boost)  
  24  2:29  Probe (Chrono Boost)  
  25  2:33  Probe (Chrono Boost)  
  25  2:34  Photon Cannon  
  26  3:21  Stargate x2  
  26  3:26  Pylon  
  26  3:29  Probe (Chrono Boost)  
  26  3:30  Probe (Chrono Boost)  
  28  3:35  Pylon  
  28  3:40  Probe x2 (Chrono Boost)  
  30  3:46  Assimilator  
  30  4:04  Void Ray (Chrono Boost)  
  34  4:11  Void Ray (Chrono Boost)  
  38  4:20  Probe  
  38  4:21  Probe  
  40  4:24  Assimilator  
  40  4:32  Probe  
  40  4:33  Probe  
  40  4:37  Photon Cannon  
  42  4:43  Void Ray (Chrono Boost)  
  46  4:49  Probe x2  
  48  4:54  Void Ray (Chrono Boost)  
  52  5:01  Probe x2  
  54  5:13  Probe x2  
  56  5:20  Void Ray (Chrono Boost)  
  60  5:25  Probe x2  
  62  5:32  Pylon  
  62  5:35  Pylon  
  68  5:50  Void Ray (Chrono Boost), Probe x2  
  68  6:00  Photon Cannon  
  68  6:09  Nexus  
  68  6:21  Void Ray (Chrono Boost)  
  72  6:27  Pylon  
  72  6:31  Pylon x2  
  72  6:32  Void Ray (Chrono Boost)  
  76  6:34  Pylon  
  76  6:57  Pylon  
  76  7:09  Assimilator  
  76  7:13  Assimilator  
  76  7:16  Pylon  
  76  7:17  Void Ray x2 (Chrono Boost)  
  76  7:20  Pylon  
  84  7:25  Stargate x2  
  84  7:47  Fleet Beacon  
  84  7:50  Robotics Facility  
  84  8:02  Probe  
  84  8:03  Void Ray x2 (Chrono Boost)  
  85  8:06  Protoss Air Weapons Level 1 (Chrono Boost)  
  93  8:14  Probe  
  93  8:16  Void Ray  
  98  8:26  Void Ray, Probe  
  103  8:37  Photon Cannon  
  103  8:41  Probe, Photon Cannon  
  104  8:47  Observer  
  105  8:53  Probe  
  106  9:05  Probe  
  106  9:08  Observer  
  108  9:15  Mothership Core  
  110  9:20  Tempest  
  110  9:24  Tempest  
  110  9:26  Nexus  
  110  9:28  Assimilator  
  122  9:33  Assimilator  
  122  9:35  Pylon  
  122  9:41  Protoss Air Armor Level 1 (Chrono Boost)  
  128  9:59  Photon Cannon  
  128  10:02  Tempest (Chrono Boost)  
  128  10:04  Pylon  
  128  10:07  Tempest (Chrono Boost), Pylon  
  140  10:19  Protoss Shields Level 1  
  140  10:33  Photon Cannon  
  140  10:44  Tempest (Chrono Boost)  
  140  10:47  Carrier (Chrono Boost)  
  140  10:49  Graviton Catapult  
  152  11:07  Protoss Air Weapons Level 2  
  152  11:09  Carrier (Chrono Boost)  
  164  11:26  Carrier (Chrono Boost)  
  164  12:06  Carrier (Chrono Boost)  
  176  12:09  Carrier (Chrono Boost)  
  176  12:20  Nexus  
  176  12:22  Pylon  
  176  12:23  Pylon  
  166  14:08  Nexus  
  166  14:13  Nexus  
  166  14:15  Pylon x2  
  166  14:17  Pylon  
  166  14:18  Photon Cannon  
  166  14:22  Pylon  
  166  14:24  Assimilator  
  166  14:28  Assimilator  
  166  14:33  Pylon  
  166  14:35  Pylon  
  166  14:38  Assimilator  
  166  14:42  Assimilator  
  166  14:44  Pylon  
  166  14:52  Tempest (Chrono Boost)  
  180  15:03  Tempest (Chrono Boost)  
  180  15:06  Carrier x2 (Chrono Boost)  
  186  15:10  Photon Cannon  
  186  15:15  Photon Cannon  
  186  15:16  Photon Cannon  
  186  15:19  Photon Cannon  
  186  15:21  Photon Cannon  
  186  15:25  Photon Cannon  
  186  15:51  Void Ray (Chrono Boost)  
  186  15:52  Void Ray (Chrono Boost)  
  193  16:25  Void Ray (Chrono Boost)  
  197  16:31  Probe  
  198  16:40  Probe  
  199  16:53  Probe  
Show
View Real Time Build Order
Export as new Build Order

Metasapien Zerg - Winner!

Build Orders: 3 Hatch before Pool 

Get SALT Encoding   

  12  0:12  Overlord  
  12  0:14  Drone  
  13  0:29  Drone  
  13  0:30  Drone  
  15  0:54  Hatchery  
  14  1:18  Hatchery  
  13  1:21  Drone  
  14  1:26  Drone, Extractor  
  14  1:31  Drone  
  15  1:52  Drone  
  15  1:53  Spawning Pool  
  15  1:54  Drone  
  16  2:13  Drone  
  17  2:19  Overlord  
  17  2:20  Drone  
  18  2:24  Drone  
  18  2:25  Drone  
  20  2:31  Drone  
  21  2:42  Zergling x2  
  22  2:47  Spine Crawler  
  22  2:49  Spine Crawler  
  22  2:50  Drone x2  
  22  2:54  Zergling x2  
  22  2:56  Zergling x2  
  24  2:59  Zergling x2  
  24  3:02  Zergling x2  
  27  3:05  Zergling x2  
  27  3:08  Zergling x2  
  27  3:11  Zergling x2  
  29  3:19  Zergling x6  
  31  3:33  Drone  
  31  3:34  Drone x2  
  33  3:35  Queen  
  33  3:40  Queen  
  38  3:48  Queen  
  40  3:51  Metabolic Boost  
  40  3:54  Extractor  
  40  3:55  Drone  
  40  3:57  Drone  
  41  4:03  Overlord, Extractor  
  41  4:07  Extractor  
  41  4:08  Overlord  
  39  4:17  Overlord  
  39  4:19  Overlord  
  39  4:26  Pneumatized Carapace  
  39  4:35  Spine Crawler  
  38  4:39  Zergling x6  
  38  4:40  Overlord  
  41  4:47  Lair  
  41  4:59  Zergling x6  
  45  5:00  Zergling x2  
  45  5:06  Roach Warren  
  44  5:18  Zergling x4  
  47  5:21  Drone x4  
  47  5:25  Drone  
  47  5:27  Drone  
  52  5:38  Drone  
  52  5:39  Drone x2  
  55  5:52  Drone x3  
  58  5:59  Drone  
  58  6:00  Zergling x8  
  58  6:01  Zergling x4  
  65  6:07  Hydralisk Den, Zergling x2  
  65  6:08  Roach  
  67  6:12  Overlord  
  67  6:19  Drone x2  
  67  6:22  Drone x2  
  71  6:28  Overseer  
  71  6:32  Queen  
  71  6:37  Drone x2  
  71  6:38  Drone x2, Extractor  
  71  6:39  Drone  
  78  6:40  Drone  
  78  6:41  Roach x2  
  82  6:51  Glial Reconstitution  
  82  6:56  Drone x4  
  86  7:08  Spore Crawler  
  86  7:11  Spore Crawler  
  86  7:13  Spore Crawler  
  83  7:22  Nydus Network  
  82  7:26  Drone  
  82  7:27  Drone x3  
  82  7:28  Overlord x3  
  82  7:29  Overlord x4  
  86  7:33  Extractor  
  85  7:37  Roach x2  
  85  7:41  Overlord x2  
  89  7:48  Drone x3  
  89  7:49  Hydralisk x2  
  96  7:55  Muscular Augments  
  96  8:01  Infestation Pit  
  96  8:04  Evolution Chamber  
  94  8:10  Evolution Chamber  
  93  8:17  Hydralisk x4  
  93  8:18  Hydralisk x3  
  107  8:20  Hydralisk  
  109  8:35  Drone  
  109  8:37  Drone x3  
  109  8:38  Hatchery  
  109  8:39  Hydralisk  
  109  8:40  Hydralisk  
  116  8:44  Overlord  
  116  8:51  Spore Crawler  
  116  8:53  Zerg Missile Weapons Level 1  
  116  8:54  Zerg Ground Armor Level 1  
  115  8:57  Pathogen Glands  
  115  9:03  Overseer  
  115  9:07  Overseer  
  115  9:17  Drone x4  
  119  9:28  Drone x2  
  119  9:29  Drone x4  
  125  9:35  Burrow  
  125  9:38  Drone  
  126  9:55  Drone  
  126  9:57  Queen, Extractor  
  126  9:59  Hydralisk  
  128  10:00  Extractor, Hydralisk x6  
  128  10:03  Overlord  
  128  10:04  Overlord x3  
  141  10:30  Zergling x2  
  141  10:31  Zergling x30  
  163  10:48  Swarm Host  
  187  11:06  Zerg Missile Weapons Level 2, Zerg Ground Armor Level 2  
  187  11:16  Drone x2  
  187  11:17  Drone  
  190  11:19  Drone x2  
  190  11:23  Overseer  
  180  11:43  Zergling x4  
  180  11:44  Zergling x8  
  180  11:45  Roach x2, Hydralisk x5  
  180  11:46  Roach x4  
  184  12:19  Nydus Canal  
  173  12:22  Zergling x2  
  173  12:23  Zergling x12, Hydralisk  
  173  12:24  Roach x3, Hydralisk  
  173  12:28  Hive  
  185  12:44  Nydus Canal  
  175  13:24  Overlord x2  
  175  13:25  Overlord x5  
  175  13:58  Extractor, Hatchery  
  173  14:13  Nydus Canal  
  173  14:41  Nydus Canal  
  165  14:58  Nydus Canal  
  141  15:13  Nydus Canal  
  138  15:18  Roach, Hydralisk x5  
  138  15:19  Hydralisk x14, Roach  
  166  15:34  Drone  
  166  15:35  Drone x2  
  168  15:38  Hatchery  
  151  16:11  Drone x3  
  153  16:25  Drone x3  
  156  16:46  Hatchery  
  141  17:29  Spawning Pool  
  140  17:36  Overlord  
  140  17:37  Overlord x5  
  136  17:38  Overlord x2  
Tags
 
Add a new tag
Caveats
  • Supply blocks, unpowered buildings, or Contaminate may cause inaccurate times.
  • Supply counts are checked every 10 seconds.